Map: 国王藏宝地-天梯版

Players

Lambo - Winner!

  • Race: Zerg Zerg
  • League: Platinum

PtitDrogo

  • Race: Protoss Protoss
  • League: Platinum

Event: WESG 2018 Grand Finals

VOD

Have the link to the VOD?

Description

Time

  • Played on: March 14, 2019, 2:28 a.m.
  • Length: 5:13

All games in this series

Show
View Real Time Build Order
Export as new Build Order

Lambo Zerg - Winner!

Build Orders: Hatch First, Roach Nydus 

Get SALT Encoding   

  12  0:01  Drone  
  13  0:12  Overlord  
  13  0:17  Drone  
  14  0:30  Drone x2  
  16  0:49  Hatchery  
  15  0:52  Drone  
  15  0:56  Drone  
  17  0:59  Drone  
  18  1:10  Extractor  
  17  1:15  Spawning Pool  
  17  1:18  Drone  
  17  1:21  Drone  
  18  1:28  Drone  
  19  1:41  Drone  
  20  1:51  Overlord  
  20  2:02  Queen x2  
  20  2:03  Zergling x4  
  26  2:13  Drone x2  
  28  2:23  Drone x2  
  30  2:39  Lair, Queen  
  30  2:42  Drone x2  
  34  2:44  Extractor  
  33  2:54  Overlord  
  32  3:11  Drone x2  
  32  3:12  Roach Warren  
  32  3:21  Queen  
  34  3:33  Overlord  
  34  3:35  Drone  
  34  3:38  Nydus Network  
  34  3:41  Overlord, Drone  
  35  3:57  Roach x6  
  47  4:05  Roach  
  47  4:06  Roach  
  51  4:16  Nydus Canal  
  51  4:22  Roach  
  51  4:23  Roach x3  
  57  4:51  Roach x2  
Show
View Real Time Build Order
Export as new Build Order

PtitDrogo Protoss 

Build Orders: 1 Gate Expand, Oracle Opening 

Get SALT Encoding   

  12  0:00  Probe  
  13  0:12  Probe  
  14  0:19  Pylon  
  14  0:24  Probe  
  15  0:33  Probe  
  15  0:38  Gateway  
  15  0:41  Probe  
  16  0:47  Assimilator  
  17  0:51  Probe  
  18  1:03  Probe  
  19  1:15  Probe  
  20  1:25  Nexus  
  20  1:35  Cybernetics Core  
  20  1:40  Probe  
  20  1:46  Assimilator  
  21  1:52  Probe  
  22  1:56  Pylon  
  22  2:04  Adept, Probe  
  25  2:16  Probe  
  25  2:18  Stargate  
  26  2:27  Probe  
  26  2:28  Warp Gate  
  27  2:33  Probe  
  27  2:34  Stalker  
  30  2:37  Probe  
  30  2:41  Probe  
  31  2:48  Probe  
  32  2:52  Probe  
  34  3:00  Probe, Oracle  
  34  3:04  Probe  
  40  3:12  Probe  
  40  3:16  Probe  
  41  3:21  Pylon  
  41  3:25  Probe  
  41  3:26  Robotics Facility  
  42  3:28  Probe  
  43  3:34  Gateway  
  43  3:37  Probe  
  44  3:42  Twilight Council  
  44  3:43  Probe  
  44  3:44  Assimilator  
  44  3:47  Assimilator  
  45  3:49  Probe  
  46  3:58  Gateway  
  46  3:59  Gateway  
  46  4:00  Probe  
  46  4:02  Probe  
  48  4:03  Immortal  
  48  4:12  Probe  
  53  4:33  Immortal  
  39  4:49  Zealot  
Tags
 
Add a new tag
Caveats
  • Supply blocks, unpowered buildings, or Contaminate may cause inaccurate times.
  • Supply counts are checked every 10 seconds.